cohdb
Replays
Latest Replays
All Replays
Popular Replays
Top Player Replays
Match Explorer
How It Works
Community
CoH3 Stats
Reddit
Sign in to upload your games and track your stats! →
Sign in with Steam
Match 41542453
Unlisted
Match 41542453
Overview
Messages
Build Orders
End
Kradschützen Motorcycle Team
Selects Armored Support Battlegroup
Panzerpioneer Squad
Panzergrenadier Squad
250 Light Carrier
Panzergrenadier Squad
Selects Superior Fire Drills
Construct Light Support Kompanie
Assault Grenadier Squad
Panzerjäger Mechanized Group
Fire Support Elements
Combat Half-tracks
Flakvierling Half-track
Selects Flammpanzer III Medium Tank
Flammpanzer III Medium Tank
Vehicle Survival Package
Veteran Squad Leaders
Selects Salvage Kits
2.5-tonne Medical Truck
Flammpanzer III Medium Tank
Assault Mechanized Group
Selects Command Panzer IV F Medium Tank
Command Panzer IV F Medium Tank
Trion
Doc
0
0
Comments
sign in to comment!
No comments posted yet!